cohdb
Replays
Latest Replays
All Replays
Popular Replays
Top Player Replays
Match Explorer
How It Works
Community
CoH3 Stats
Reddit
Sign in to upload your games and track your stats! →
Sign in with Steam
Match 36478144
Unlisted
Match 36478144
Overview
Messages
Build Orders
End
Selects Australian Defense Battlegroup
Selects Australian Light Infantry Section
Australian Light Infantry Section
Australian Light Infantry Section
Australian Light Infantry Section
Construct Section Command Post
Construct Platoon Command Post
Unlock M3 Stuart Light Tanks
Selects CMP 15cwt Supply Run
CMP 15cwt Supply Run
M3 Stuart Light Tank
Selects Defensive Tactics
M3 Stuart Light Tank
Light Vehicle Training
Infantry Training
Maserati
Mihono Bourbon
자동 포탑 센트리
Empty_Can
oh SCHEIßE
Yaas
0
0
Comments
sign in to comment!
No comments posted yet!